 Dungeon Crawl Stone Soup version 0.02-1-gc4eb60e977 (webtiles) character file.

Game seed: 5059389706177080528, levelgen mode: deterministic

711 Dyss the Transmogrifier (level 7, -7/39 HPs) Silent Spectre Transmuter. Began on Aug 5, 2020. Mangled by a slime creature (20 damage) ... on level 2 of the Dungeon. The game lasted 00:10:08 (1962 turns).

Dyss the Transmogrifier (Silent Spectre Transmuter) Turns: 1962, Time: 00:10:10

Health: -7/39      AC:  2    Str:  6    XL:     7 ^: 410
Magic:  14/14      EV: 27    Int: 17    God:
Gold:   71         SH:  0    Dex: 23    Spells: 8/12 levels left

rFire    . . .     Vision   .     - Unarmed
rCold    . . .     Gourm    .     - Unarmed
rNeg     + + +     Faith    .   (armour currently unavailable)
rPois    ∞         Spirit   .   (helmet currently unavailable)
rElec    .         Reflect  .   (cloak currently unavailable)
rCorr    +         Harm     .   (gloves currently unavailable)
MR       .....                  (boots currently unavailable)
Stlth    ++........             (no amulet)
HPRegen  0.23/turn              (no ring)
MPRegen  0.24/turn              (no ring)

@: spider-form (expiring), silenced
A: tiny, silence aura, negative energy resistance 3, torment resistance,
unbreathing, petrification resistance, silent casting, insubstantial
a: End Transformation


You were on level 2 of the Dungeon.
You were not hungry.
You were a venomous arachnid creature.
You visited 1 branch of the dungeon, and saw 2 of its levels.

You collected 71 gold pieces.

Inventory:

Shields
 c - a +0 heater shield
Armour
 a - a +0 robe (melded)
 b - a +0 cloak (melded)
Potions
 d - 2 potions of agility
 e - a potion of brilliance


   Skills:
 + Level 1.9 Fighting
 + Level 3.7 Dodging
 + Level 3.7 Unarmed Combat
 + Level 3.2 Spellcasting
 * Level 9.1 Transmutations


You had 8 spell levels left.
You knew the following spells:

 Your Spells              Type           Power        Failure   Level  Hunger
a - Beastly Appendage     Tmut           33 (50)      4%          1    N/A
b - Spider Form           Tmut/Pois      18 (200)     26%         3    N/A

Your spell library contained the following spells:

 Spells                   Type           Power        Failure   Level  Hunger
 Sticks to Snakes         Tmut           33 (100)     6%          2    N/A
 Snakes to Sticks         Hex/Tmut       18 (100)     26%         3    N/A
 Blade Hands              Tmut           33 (200)     32%         5    N/A
 Ice Form                 Ice/Tmut       18 (100)     54%         4    N/A

Dungeon Overview and Level Annotations

Branches:
Dungeon (2/8)

Altars:


Innate Abilities, Weirdness & Mutations

You are surrounded by an aura of unnatural quiet.
You are immune to poison.
You are immune to negative energy. (rN+++)
You are immune to unholy pain and torment.
You can survive without breathing.
You are immune to petrification.
You can communicate with gods and cast spells while silenced.
Your insubstantial form boosts your evasion and grants immunity to sticky flames, nets and constriction.


Message History

You hit the slime creature (1).
The slime creature is heavily wounded. (34/59) HP You hit the slime creature (3).
The slime creature is heavily wounded. (31/59) HP You hit the slime creature (3).
The slime creature is heavily wounded. (28/59) HP You hit the slime creature (4).
The slime creature is heavily wounded. (24/59) HP The slime creature closely misses you (0).
You hit the slime creature (4).
The slime creature is severely wounded. (21/59) HP You hit the slime creature (3).
The slime creature is severely wounded. (18/59) HP You hit the slime creature (2).
The slime creature is severely wounded. (16/59) HP You hit the slime creature (3).
The slime creature is severely wounded. (13/59) HP The slime creature hits you (20)!!
Ouch! That really hurt!
You die...

..... ≈≈≈ ### ..... ≈≈≈≈≈≈≈#≈#
...... ≈P≈≈;≈≈≈#≈# ......
≈≈≈≈≈≈≈≈#≈##..≈≈..
≈≈≈≈≈≈≈≈#......# #≈≈≈≈≈≈≈≈≈≈.J≈≈#
# #≈≈≈≈≈≈≈≈#.s# .≈
###≈≈≈≈≈≈≈..≈## #.≈≈.≈≈
..##≈#≈≈≈≈≈≈.≈.## #.≈≈≈..
#≈.≈.#≈≈≈≈≈≈≈.## #≈≈≈≈≈.
#.≈≈#≈≈≈≈≈≈≈≈# ### ##≈≈≈≈≈≈
####...;≈≈≈≈≈≈#######≈####.≈≈≈≈≈≈
≈≈≈≈...≈≈≈≈≈≈≈≈......≈≈≈≈≈≈≈≈≈≈≈≈
≈≈≈≈≈≈...≈≈b≈≈.≈≈≈≈≈..≈≈≈≈≈≈≈≈≈≈≈
≈b≈≈≈≈.≈≈≈≈≈≈...≈P≈≈≈.≈≈≈≈P≈≈†.?<


You could see a slime creature and a neutral slimehead (wandering) (passive).

Vanquished Creatures
  2 big kobolds (D:2)
  4 jellies (D:2)
  3 adders (D:2)
  36 sewer rats (D:2)
  4 cinder newts
  3 worms (D:2)
  5 oozes
  2 dart slugs (D:1)
  6 leopard geckos
  An adder skeleton (D:2)
  13 bats
  8 giant cockroaches
  5 goblins (D:1)
  2 hobgoblins (D:1)
  A ball python (D:2)
  3 goblin skeletons (D:2)
  A hobgoblin skeleton (D:2)
  13 kobolds
  9 rats
121 creatures vanquished.

Vanquished Creatures (others)
  4 kobolds (D:2)
  91 withered plants (D:2)
95 creatures vanquished.

Grand Total: 216 creatures vanquished

Notes
Turn   | Place    | Note
-------+----------+-------------------------------------------
     0 | D:1      | Dyss the Silent Spectre Transmuter began the quest for the
                  | Orb.
     0 | D:1      | Reached XP level 1. HP: 11/11 MP: 6/6
    18 | D:1      | Reached skill level 3 in Transmutations
    22 | D:1      | Reached XP level 2. HP: 6/16 MP: 8/8
   118 | D:1      | Reached skill level 4 in Transmutations
   301 | D:1      | Reached XP level 3. HP: 20/20 MP: 9/9
   436 | D:1      | Reached skill level 5 in Transmutations
   762 | D:2      | Learned a level 3 spell: Spider Form
   800 | D:2      | Reached skill level 6 in Transmutations
   800 | D:2      | Reached XP level 4. HP: 14/24 MP: 6/10
   951 | D:2      | Reached skill level 7 in Transmutations
   951 | D:2      | Reached XP level 5. HP: 28/28 MP: 8/11
  1061 | D:2      | Reached skill level 8 in Transmutations
  1099 | D:2      | Reached skill level 1 in Fighting
  1099 | D:2      | Reached XP level 6. HP: 34/34 MP: 9/12
  1353 | D:2      | Reached XP level 7. HP: 34/38 MP: 14/14
  1517 | D:2      | Reached skill level 9 in Transmutations
  1962 | D:2      | Mangled by a slime creature

Levels and vault maps discovered:
D:1:      minmay_arrival_up_and_down, layout_rooms
D:2:      layout_sewer, fountainhead, minivault_24

Skill      XL: |  1  2  3  4  5  6  7 |
---------------+----------------------+-----
Transmutations | 3 4 6 7 8 9 |  9.1
Fighting       | 1 |  1.9
Dodging        | 3 |  3.7
Spellcasting   | 3 |  3.2
Unarmed Combat | |  3.7

Action                   |  1- 3 |  4- 6 |  7- 9 || total
-------------------------+-------+-------+-------++-------
Melee: Unarmed           |   263 |   330 |   177 ||   770
       Kick              |     7 |       |       ||     7
       Headbutt          |    14 |       |       ||    14
 Cast: Beastly Appendage |    17 |       |       ||    17
       Spider Form       |     2 |    10 |     7 ||    19
 Stab: Sleeping          |     4 |       |       ||     4
Armor: Robe              |    14 |     1 |       ||    15
       Skin              |       |     3 |     1 ||     4
Dodge: Dodged            |   114 |   149 |    61 ||   324
